[ AOE2 MATCH · #513816782 ]
UnrankedTatars vs Koreans
Player's team · WIN
Rival team · LOSS
[ REPLAY ANALYSIS · EXTRACTED FROM THE RECORDED GAME ]
Feudal
9:09
Castle
23:22
Imperial
40:38
| APM avg | 58.2 |
| APM peak | 117 |
| eAPM avg | 22.5 |
| Villagers / military | 135 / 90 |
Focus
⚔️ 46.7% · 🌾 53.3%
Cavalry Archer ×49 · Skirmisher ×19 · Scout Cavalry ×9 · Trebuchet (Packed) ×6 · Monk ×3 · Battering Ram ×3
Feudal
12:19
Castle
20:24
Imperial
36:29
| APM avg | 36.3 |
| APM peak | 89 |
| eAPM avg | 19.2 |
| Villagers / military | 106 / 65 |
Focus
⚔️ 30.6% · 🌾 69.4%
War Wagon ×21 · Scout Cavalry ×20 · Archer ×17 · Militia ×3 · Spearman ×2 · Trebuchet (Packed) ×2
Match map
Initial resources + every placement click. Lines = walls · curves = elevation contours. ◆ gold · ⬟ stone · ● berries · ✦ relic · ◌ wall gap
Your base· Open — unwalled flank
SELASSIE I's base· Open — unwalled flank
Smoothed initial terrain · ◌ = detected wall gap · hover for details
Inputs per minute
— HelloAOE - - SELASSIE I
Build order — HelloAOE
First 150 of 358 actions detected
| 0:02 | queue | Villager (Male) |
| 0:02 | queue | Villager (Male) |
| 0:02 | queue | Villager (Male) |
| 0:03 | queue | Villager (Male) |
| 0:03 | queue | Villager (Male) |
| 0:07 | Build | House |
| 0:11 | Build | House |
| 1:30 | queue | Villager (Male) |
| 1:53 | queue | Villager (Male) |
| 2:23 | queue | Villager (Male) |
| 2:58 | queue | Villager (Male) |
| 3:23 | queue | Villager (Male) |
| 3:24 | queue | Villager (Male) |
| 3:48 | queue | Villager (Male) |
| 3:55 | Build | House |
| 4:12 | Build | Lumber Camp |
| 4:17 | queue | Villager (Male) |
| 4:24 | queue | Villager (Male) |
| 4:24 | queue | Villager (Male) |
| 4:52 | queue | Villager (Male) |
| 4:59 | queue | Villager (Male) |
| 5:06 | Build | Mill |
| 5:39 | queue | Villager (Male) |
| 5:40 | Research | Loom |
| 6:59 | Research | Feudal Age |
| 7:25 | Build | House |
| 8:00 | Build | Barracks |
| 8:58 | queue | Villager (Male) |
| 9:09 | Age | Feudal Age |
| 9:11 | Build | Stable |
| 9:17 | Build | House |
| 9:19 | Research | Double-Bit Axe |
| 9:21 | queue | Spearman |
| 9:32 | queue | Villager (Male) |
| 9:44 | queue | Villager (Male) |
| 9:52 | Build | House |
| 9:53 | queue | Scout Cavalry |
| 9:54 | queue | Scout Cavalry |
| 10:08 | Build | Mill |
| 10:10 | queue | Villager (Male) |
| 10:28 | queue | Scout Cavalry |
| 10:32 | Build | House |
| 10:50 | queue | Scout Cavalry |
| 11:29 | queue | Scout Cavalry |
| 11:38 | queue | Scout Cavalry |
| 11:54 | Build | Blacksmith |
| 12:04 | Build | Farm |
| 12:18 | queue | Villager (Male) |
| 12:19 | queue | Scout Cavalry |
| 12:25 | Build | Farm |
| 12:34 | queue | Villager (Male) |
| 12:41 | Build | Palisade Wall |
| 12:55 | queue | Villager (Male) |
| 13:02 | Build | Farm |
| 13:07 | queue | Villager (Male) |
| 13:24 | queue | Villager (Male) |
| 13:40 | queue | Villager (Male) |
| 13:45 | Build | House |
| 14:10 | queue | Villager (Male) |
| 14:39 | Build | Archery Range |
| 14:44 | Build | Farm |
| 14:52 | queue | Scout Cavalry |
| 14:54 | Build | Farm |
| 14:56 | Build | Farm |
| 14:57 | Build | Farm |
| 14:57 | Build | Farm |
| 14:57 | Build | Farm |
| 15:05 | queue | Villager (Male) |
| 15:11 | Build | House |
| 15:13 | Build | Palisade Wall |
| 15:27 | queue | Villager (Male) |
| 15:38 | Build | Farm |
| 15:42 | Build | Farm |
| 15:49 | queue | Villager (Male) |
| 16:00 | Build | Farm |
| 16:03 | Build | Farm |
| 16:09 | queue | Scout Cavalry |
| 16:32 | Build | Lumber Camp |
| 16:34 | queue | Villager (Male) |
| 16:48 | queue | Skirmisher |
| 16:48 | queue | Skirmisher |
| 17:04 | queue | Villager (Male) |
| 17:13 | Build | House |
| 17:15 | Build | Palisade Wall |
| 17:59 | queue | Skirmisher |
| 17:59 | queue | Skirmisher |
| 18:00 | queue | Villager (Male) |
| 18:04 | Build | Mining Camp |
| 18:14 | queue | Skirmisher |
| 18:23 | queue | Villager (Male) |
| 18:29 | Build | Palisade Wall |
| 18:35 | queue | Villager (Male) |
| 18:47 | Build | Archery Range |
| 18:53 | queue | Villager (Male) |
| 19:07 | queue | Villager (Male) |
| 19:10 | Research | Gold Mining |
| 19:11 | Research | Horse Collar |
| 19:44 | Build | Palisade Wall |
| 19:50 | queue | Villager (Male) |
| 20:23 | Build | Palisade Wall |
| 20:42 | Research | Castle Age |
| 21:22 | Research | Fletching |
| 21:29 | Research | Bloodlines |
| 21:48 | Build | Archery Range |
| 22:14 | queue | Villager (Male) |
| 22:15 | queue | Villager (Male) |
| 22:52 | Research | Fletching |
| 23:13 | Research | Padded Archer Armor |
| 23:22 | Research | Wheelbarrow |
| 23:22 | Age | Castle Age |
| 23:29 | queue | Cavalry Archer |
| 23:29 | queue | Cavalry Archer |
| 23:29 | queue | Cavalry Archer |
| 23:43 | queue | Cavalry Archer |
| 23:50 | Build | Town Center |
| 23:58 | Research | Bodkin Arrow |
| 24:02 | Build | Farm |
| 24:09 | Build | Farm |
| 24:22 | Research | Elite Skirmisher (upgrade) |
| 24:39 | queue | Villager (Male) |
| 24:43 | queue | Villager (Male) |
| 24:46 | queue | Cavalry Archer |
| 24:47 | queue | Cavalry Archer |
| 24:58 | queue | Villager (Male) |
| 25:01 | Build | University |
| 25:02 | Build | House |
| 25:03 | Build | House |
| 25:11 | queue | Cavalry Archer |
| 25:13 | queue | Cavalry Archer |
| 25:21 | queue | Villager (Male) |
| 25:29 | queue | Cavalry Archer |
| 25:48 | queue | Cavalry Archer |
| 25:50 | Build | Farm |
| 25:52 | Build | Farm |
| 25:53 | Build | Farm |
| 25:55 | queue | Villager (Male) |
| 26:27 | queue | Cavalry Archer |
| 26:27 | queue | Cavalry Archer |
| 26:38 | queue | Villager (Male) |
| 26:39 | queue | Villager (Male) |
| 26:41 | queue | Villager (Male) |
| 26:45 | queue | Villager (Male) |
| 26:51 | queue | Villager (Male) |
| 26:55 | queue | Villager (Male) |
| 26:56 | queue | Cavalry Archer |
| 26:56 | queue | Cavalry Archer |
| 27:05 | Research | Ballistics |
| 27:17 | queue | Cavalry Archer |
| 27:27 | queue | Villager (Male) |
| 27:44 | Build | House |
Build order — SELASSIE I
First 150 of 277 actions detected
| 0:01 | queue | Villager (Male) |
| 0:02 | queue | Villager (Male) |
| 0:02 | queue | Villager (Male) |
| 0:04 | Build | House |
| 0:06 | Build | House |
| 0:34 | queue | Villager (Male) |
| 1:23 | queue | Villager (Male) |
| 1:23 | queue | Villager (Male) |
| 2:23 | queue | Villager (Male) |
| 2:24 | queue | Villager (Male) |
| 2:29 | Build | Lumber Camp |
| 2:58 | queue | Villager (Male) |
| 2:58 | queue | Villager (Male) |
| 3:49 | queue | Villager (Male) |
| 3:50 | queue | Villager (Male) |
| 3:51 | queue | Villager (Male) |
| 4:15 | Build | House |
| 4:30 | queue | Villager (Male) |
| 4:35 | Build | Mill |
| 4:37 | queue | Villager (Male) |
| 5:15 | queue | Villager (Male) |
| 5:54 | Build | House |
| 5:59 | queue | Villager (Male) |
| 6:12 | queue | Villager (Male) |
| 6:39 | Build | Barracks |
| 7:01 | queue | Villager (Male) |
| 7:12 | Build | House |
| 7:43 | queue | Villager (Male) |
| 7:48 | queue | Militia |
| 7:49 | queue | Militia |
| 7:49 | queue | Militia |
| 8:11 | queue | Villager (Male) |
| 8:13 | queue | Villager (Male) |
| 8:16 | Build | Palisade Wall |
| 8:30 | Build | Farm |
| 9:07 | Build | Mill |
| 9:17 | queue | Villager (Male) |
| 9:19 | Research | Loom |
| 9:47 | Build | Mining Camp |
| 10:09 | Research | Feudal Age |
| 10:35 | Build | Palisade Wall |
| 10:37 | Build | Palisade Wall |
| 10:42 | Build | Palisade Wall |
| 11:54 | queue | Villager (Male) |
| 12:19 | Age | Feudal Age |
| 12:22 | Build | Archery Range |
| 12:24 | queue | Spearman |
| 12:24 | queue | Spearman |
| 12:29 | queue | Villager (Male) |
| 12:35 | Build | House |
| 12:38 | Build | Palisade Wall |
| 12:41 | queue | Villager (Male) |
| 12:45 | Research | Double-Bit Axe |
| 13:27 | queue | Archer |
| 13:27 | queue | Archer |
| 13:36 | Build | Farm |
| 13:37 | Build | Farm |
| 14:22 | Build | Farm |
| 14:32 | queue | Villager (Male) |
| 14:34 | queue | Archer |
| 14:34 | queue | Archer |
| 14:42 | Build | Farm |
| 14:43 | queue | Villager (Male) |
| 14:56 | queue | Villager (Male) |
| 15:02 | Build | Blacksmith |
| 15:10 | Build | Market |
| 15:22 | queue | Villager (Male) |
| 15:39 | Research | Wheelbarrow |
| 15:43 | Build | House |
| 16:24 | queue | Villager (Male) |
| 16:26 | Build | Farm |
| 16:27 | queue | Villager (Male) |
| 16:31 | Research | Fletching |
| 16:34 | Build | House |
| 17:26 | Build | Farm |
| 17:27 | Build | Farm |
| 17:37 | Research | Castle Age |
| 17:47 | queue | Archer |
| 18:06 | Build | Farm |
| 18:08 | Build | Farm |
| 18:10 | Build | Farm |
| 18:40 | queue | Archer |
| 19:09 | queue | Archer |
| 19:22 | Build | House |
| 19:30 | Research | Horse Collar |
| 19:35 | Research | Gold Mining |
| 19:52 | queue | Villager (Male) |
| 19:55 | queue | Archer |
| 20:24 | Age | Castle Age |
| 20:29 | Research | Crossbowman (upgrade) |
| 20:43 | Build | Town Center |
| 21:13 | Build | Town Center |
| 21:18 | queue | Villager (Male) |
| 21:19 | queue | Villager (Male) |
| 21:19 | queue | Villager (Male) |
| 21:19 | queue | Villager (Male) |
| 21:55 | Research | Bodkin Arrow |
| 22:07 | Build | Farm |
| 22:08 | Build | Farm |
| 22:10 | queue | Villager (Male) |
| 22:33 | Build | Farm |
| 22:35 | queue | Villager (Male) |
| 22:36 | queue | Villager (Male) |
| 22:58 | queue | Archer |
| 22:59 | queue | Archer |
| 23:05 | Build | Farm |
| 23:07 | Build | Farm |
| 23:09 | queue | Villager (Male) |
| 23:11 | queue | Villager (Male) |
| 23:13 | queue | Villager (Male) |
| 23:27 | queue | Archer |
| 23:36 | queue | Villager (Male) |
| 23:36 | queue | Villager (Male) |
| 23:37 | queue | Villager (Male) |
| 23:57 | Build | Town Center |
| 24:25 | Research | Bow Saw |
| 24:27 | queue | Villager (Male) |
| 24:28 | queue | Villager (Male) |
| 24:33 | Build | Farm |
| 24:39 | Build | Farm |
| 24:40 | queue | Villager (Male) |
| 24:42 | queue | Villager (Male) |
| 24:52 | queue | Archer |
| 24:59 | queue | Villager (Male) |
| 25:52 | queue | Villager (Male) |
| 25:52 | queue | Villager (Male) |
| 25:53 | queue | Villager (Male) |
| 25:55 | queue | Villager (Male) |
| 25:55 | queue | Villager (Male) |
| 25:56 | queue | Villager (Male) |
| 25:56 | queue | Villager (Male) |
| 26:19 | Build | Mining Camp |
| 26:25 | Build | University |
| 26:37 | queue | Villager (Male) |
| 26:37 | queue | Villager (Male) |
| 26:39 | queue | Villager (Male) |
| 26:40 | queue | Villager (Male) |
| 26:40 | queue | Villager (Male) |
| 26:52 | queue | Archer |
| 26:52 | queue | Archer |
| 27:34 | Build | Castle |
| 27:51 | Build | Mining Camp |
| 27:55 | queue | Villager (Male) |
| 27:56 | queue | Villager (Male) |
| 27:56 | queue | Villager (Male) |
| 27:56 | queue | Villager (Male) |
| 27:57 | queue | Villager (Male) |
| 27:57 | queue | Villager (Male) |
| 27:57 | queue | Villager (Male) |
| 28:02 | Build | House |
Match timeline
| 6:39 | SELASSIE I · first_building Barracks |
| 8:00 | HelloAOE · first_building Barracks |
| 8:16 | SELASSIE I · wall_segment Palisade Wall x5 |
| 9:09 | HelloAOE · age_up feudal |
| 9:11 | HelloAOE · first_building Stable |
| 10:35 | SELASSIE I · wall_segment Palisade Wall x1 |
| 10:37 | SELASSIE I · wall_segment Palisade Wall x1 |
| 10:42 | SELASSIE I · wall_segment Palisade Wall x1 |
| 12:19 | SELASSIE I · age_up feudal |
| 12:22 | SELASSIE I · first_building Archery Range |
| 12:38 | SELASSIE I · wall_segment Palisade Wall x9 |
| 12:41 | HelloAOE · wall_segment Palisade Wall x3 |
| 14:39 | HelloAOE · first_building Archery Range |
| 15:13 | HelloAOE · wall_segment Palisade Wall x1 |
| 15:53 | SELASSIE I · first_market_sell 100 wood |
| 15:58 | SELASSIE I · first_market_buy 100 food |
| 17:15 | HelloAOE · wall_segment Palisade Wall x3 |
| 18:29 | HelloAOE · wall_segment Palisade Wall x1 |
| 19:44 | HelloAOE · wall_segment Palisade Wall x4 |
| 20:23 | HelloAOE · wall_segment Palisade Wall x3 |
| 20:24 | SELASSIE I · age_up castle |
| 23:22 | HelloAOE · age_up castle |
| 27:34 | SELASSIE I · first_building Castle |
| 33:19 | HelloAOE · first_building Siege Workshop |
| 35:20 | HelloAOE · first_building Monastery |
| 36:29 | SELASSIE I · age_up imperial |
| 38:20 | HelloAOE · first_building Castle |
| 38:30 | SELASSIE I · first_building Stable |
| 40:38 | HelloAOE · age_up imperial |
| 44:20 | SELASSIE I · first_building Siege Workshop |
| 44:59 | SELASSIE I · resign |
[ AI ANALYSIS · 1 CREDIT ]
What really happened in this match?
Wolo.gg analyzes every decision: build order, eco, micro, common mistakes by bracket. Personalized analysis on WhatsApp or Discord in 30 seconds.
Civ guide
Tatars
Perfil
Jugador #1542687